 Dungeon Crawl Stone Soup version 0.19.5 (webtiles) character file.

6886 graki42 the Thaumaturge (level 10, 7/54 HPs)
             Began as a Deep Elf Fire Elementalist on Apr 6, 2017.
             Was a Priest of Vehumet.
             Quit the game on level 13 of the Dungeon.
             The game lasted 00:37:08 (8571 turns).

graki42 the Thaumaturge (DEFE)                      Turns: 8571, Time: 00:37:09

Health: 7/54       AC:  6    Str:  8    XL:     10   Next: 79%
Magic:  15/28      EV: 15    Int: 21    God:    Vehumet [***...]
Gold:   320        SH:  0    Dex: 15    Spells: 5 memorised, 17 levels left

rFire  . . .     SeeInvis .     x - +3 dagger (venom)
rCold  . . .     Gourm    .     G - +0 robe {MR+}
rNeg   + . .     Faith    .     (no shield)
rPois  .         Spirit   .     (no helmet)
rElec  .         Reflect  .     k - +0 cloak
rCorr  .         Harm     .     d - +1 pair of gloves
MR     +....                    e - +0 pair of boots
Stlth  +++.......               E - amulet of regeneration
                                (no ring)
                                C - ring of positive energy

@: seriously poisoned (7 -> 2), vulnerable, very slightly contaminated
A: no striking features
a: Renounce Religion


You were on level 13 of the Dungeon.
You worshipped Vehumet.
Vehumet was most pleased with you.
You were not hungry.

You visited 3 branches of the dungeon, and saw 13 of its levels.
You also visited: Sewer.

You collected 320 gold pieces.

Inventory:

Hand Weapons
 s - a +0 blowgun
 x - a +3 dagger of venom (weapon)
 R - the +5 trident "Ihere" {pierce, rC+}
   (You found it on level 9 of the Dungeon)

   It inflicts extra damage upon your enemies.
   It protects you from cold.
Missiles
 t - 31 poisoned needles
 u - a throwing net (quivered)
 F - 8 curare-tipped needles
Armour
 d - a +1 pair of gloves (worn)
 e - a +0 pair of boots (worn)
 k - a +0 cloak (worn)
 G - a +0 robe of magic resistance (worn)
 S - +0 ice dragon scales
Magical Staves
 h - an uncursed staff of poison
Jewellery
 q - a cursed amulet of inaccuracy {unknown}
 C - a ring of positive energy (left hand)
 E - an amulet of regeneration (around neck)
 W - an uncursed ring of ice {unknown}
Wands
 y - a wand of slowing (15/48)
 B - a wand of disintegration (16/24)
 D - a wand of paralysis (24/24)
 K - a wand of polymorph (6/24)
Scrolls
 b - a scroll of magic mapping
 g - 3 scrolls of teleportation
 l - 4 scrolls of amnesia
 M - 2 scrolls of remove curse
 O - 3 scrolls of identify
Potions
 f - 6 potions of degeneration {unknown}
 i - 3 potions of agility {unknown}
 m - 2 potions of ambrosia {unknown}
 n - 3 potions of curing
 o - 3 potions of lignification {unknown}
 p - 2 potions of might {unknown}
 r - 4 potions of flight {unknown}
 v - 4 potions of heal wounds
 w - 2 potions of haste
 z - a potion of magic
 A - a potion of berserk rage {unknown}
Books
 a - a book of Changes

   Spells                             Type                      Level
   a - Beastly Appendage              Transmutation                1
   b - Sticks to Snakes               Transmutation                2
   c - Spider Form                    Transmutation/Poison         3
   d - Ice Form                       Ice/Transmutation            4
   e - Blade Hands                    Transmutation                5
 H - a book of Necromancy

   Spells                             Type                      Level
   a - Pain                           Necromancy                   1
   b - Animate Skeleton               Necromancy                   1
   c - Vampiric Draining              Necromancy                   3
   d - Regeneration                   Charms/Necromancy            3
   e - Animate Dead                   Necromancy                   4
   f - Control Undead                 Necromancy                   4
 L - a book of Clouds

   Spells                             Type                      Level
   a - Mephitic Cloud                 Conjuration/Poison/Air       3
   b - Conjure Flame                  Conjuration/Fire             3
   c - Poisonous Cloud                Conjuration/Poison/Air       6
   d - Freezing Cloud                 Conjuration/Ice/Air          6
   e - Ring of Flames                 Charms/Fire                  7
 U - a book of Maledictions

   Spells                             Type                      Level
   a - Corona                         Hexes                        1
   b - Ensorcelled Hibernation        Hexes/Ice                    2
   c - Confuse                        Hexes                        3
   d - Tukima's Dance                 Hexes                        3
   e - Dazzling Spray                 Conjuration/Hexes            3
Comestibles
 c - 8 bread rations
 j - 2 beef jerkies
 V - a meat ration


   Skills:
 + Level 2.5 Fighting
 + Level 1.0 Short Blades
 + Level 3.4 Throwing
 + Level 5.8 Dodging
 + Level 4.8 Stealth
 + Level 12.2 Spellcasting
 + Level 8.6 Conjurations
 + Level 2.3 Hexes
 + Level 9.6 Fire Magic


You had 17 spell levels left.
You knew the following spells:

 Your Spells              Type           Power        Failure   Level  Hunger
a - Flame Tongue          Conj/Fire      #####        1%          1    None
b - Conjure Flame         Conj/Fire      ######..     1%          3    None
c - Inner Flame           Hex/Fire       #####...     1%          3    None
d - Sticky Flame          Conj/Fire      ######..     1%          4    None
e - Fireball              Conj/Fire      ######....   1%          5    ####...


Dungeon Overview and Level Annotations

Branches:
Dungeon (10/15)            Temple (1/1) D:5            Lair (1/6) D:9
 Vaults (0/5) D:13
    Orc: D:9-12

Altars:
Ashenzari
Elyvilon
Fedhas
Kikubaaqudgha
Makhleb
Nemelex Xobeh
Qazlal
Sif Muna
Trog
Uskayaw
Vehumet
Xom
Yredelemnul
Zin
The Shining One

Shops:
D:8 (


Message History

The meliai moves out of view.
The centaur warrior skeleton closely misses you.
The centaur warrior skeleton hits you.
A meliai comes into view. It is wielding a hand axe.
The bullfrog skeleton misses you.
You hear the ticking of a distant clock.
The bullfrog skeleton hits you.
You open the door.
A worker ant, a gargoyle, an ugly thing, an orc warrior, 2 tengu, an ogre, a cyclops and 4 vault guards come into view.
The red ugly thing gurgles horribly!
The orc warrior shouts!
The cyclops shouts!
The meliai hits you but does no damage. The meliai stings you!
The orc warrior moves out of view.
The meliai barely misses you. The meliai stings you!
* * * LOW HITPOINT WARNING * * *
You are poisoned.
The meliai poisons you!
The red ugly thing moves out of view.
The bullfrog skeleton barely misses you.
Found a scroll of remove curse.
Found a gate to the Vaults.
Are you sure you want to abandon this character and quit the game? (Confirm with "yes".)

,***,,,***,,,,,,,,,,,,,,,,,,,,*
,,,,,,,,!.....,,**,,,,,,,**,,,*
,,......,....$.****,,,,,****,,**
,,......,.....#* **,,,** **,,*
,**#...#*#....## ***+*#* **,,**
.* #...# #..#..##**,,...****,,,**
.###...###..#...##,#..Q#,**,,,,**
....y.......#....#.QpO..,*,,,,,**
............#.ZZ@'..pp..,+,,,,,**
............D..y.#..a.9.,*,,,,,,,
.###...###..#...##,#pC.#,**,,,,,,
.# #...# #..#..##**,,?..****,,,*,
.###...###%.#.## ***+*#* **,*,*
..............#* **,,,** **,,,*
...............****,,,,,****,,*,*
....##.........,**,,,,,,,**,,,*,+
........#####...,,,,,,,,,,,,,,,,*


You could see a four-headed hydra, 4 vault guards, a tengu warrior (wandering),
a cyclops, a tengu conjurer (wandering), a gargoyle, an ogre, a meliai, a worker
ant (wandering), a bullfrog skeleton and a centaur warrior skeleton.

Vanquished Creatures
  An unseen horror (D:10)
  Pikel (D:8)
  A centaur zombie (D:13)
  A spiny frog (Lair:1)
  A troll (D:10)
  A hippogriff (D:7)
  7 yaks
  Edmund (D:4)
  2 orc warriors
  A hornet zombie (D:8)
  An ice beast (D:5)
  4 slaves (D:8)
  A sky beast (D:10)
  2 ogres
  4 centaurs
  A crocodile (D:8)
  A big kobold (Sewer)
  2 bullfrogs
  A gnoll sergeant (D:9)
  2 scorpions
  A water moccasin skeleton (D:6)
  9 killer bees
  3 howler monkeys
  6 crimson imps
  4 hounds
  A jelly (D:6)
  3 centaur skeletons
  2 orc priests
  12 orc wizards
  Ijyb (D:3)
  4 iguanas
  9 worker ants
  A hound skeleton (D:4)
  A hound zombie (D:7)
  2 howler monkey zombies
  11 gnolls
  11 adders
  3 river rats
  A shadow imp (D:5)
  2 oozes
  2 adder zombies
  An adder skeleton (D:4)
  2 worms
  4 dart slugs
  5 leopard geckos
  33 orcs
  5 ball pythons
  7 giant cockroaches
  11 goblins
  5 hobgoblins
  11 jackals
  5 quokkas
  2 ball python zombies
  6 bats
  6 frilled lizards
  A jackal zombie (D:6)
  16 kobolds
  A quokka zombie (D:5)
  12 rats
258 creatures vanquished.

Notes
Turn   | Place    | Note
-------+----------+-------------------------------------------
     0 | D:1      | graki42 the Deep Elf Fire Elementalist began the quest for the Orb.
     0 | D:1      | Reached XP level 1. HP: 10/10 MP: 6/6
   155 | D:1      | Reached XP level 2. HP: 15/15 MP: 4/8
   822 | D:2      | Reached XP level 3. HP: 19/19 MP: 6/10
   833 | D:2      | Learned a level 3 spell: Conjure Flame
   837 | D:2      | Learned a level 3 spell: Inner Flame
   916 | D:2      | Reached skill level 4 in Spellcasting
  1050 | D:2      | Reached XP level 4. HP: 23/24 MP: 2/12
  1405 | D:2      | Learned a level 4 spell: Sticky Flame
  1752 | D:3      | Reached skill level 5 in Spellcasting
  1752 | D:3      | Reached XP level 5. HP: 13/28 MP: 9/14
  2137 | D:3      | Noticed Ijyb
  2230 | D:3      | Killed Ijyb
  2230 | D:3      | Reached skill level 5 in Fire Magic
  2230 | D:3      | Reached XP level 6. HP: 32/32 MP: 5/16
  2758 | D:4      | Reached skill level 6 in Spellcasting
  3017 | D:4      | Learned a level 5 spell: Fireball
  3086 | D:4      | Found a glowing drain.
  3109 | Sewer    | Entered a sewer
  3246 | Sewer    | Reached XP level 7. HP: 29/36 MP: 10/18
  3271 | Sewer    | Found a white marble altar of Elyvilon.
  3645 | D:4      | Noticed Edmund
  3793 | D:4      | Killed Edmund
  3800 | D:4      | Reached skill level 1 in Throwing
  3800 | D:4      | Reached skill level 7 in Spellcasting
  4043 | D:5      | Entered Level 5 of the Dungeon
  4095 | D:5      | Found a staircase to the Ecumenical Temple.
  4148 | Temple   | Entered the Ecumenical Temple
  4181 | Temple   | Became a worshipper of Vehumet
  4360 | D:5      | Reached XP level 8. HP: 21/42 MP: 7/20
  4375 | D:5      | Reached skill level 1 in Fighting
  4527 | D:5      | Reached skill level 5 in Conjurations
  4762 | D:5      | Reached skill level 8 in Spellcasting
  5163 | D:6      | Reached skill level 1 in Hexes
  5532 | D:6      | Reached * piety under Vehumet
  5532 | D:6      | Offered knowledge of Sandblast by Vehumet.
  6054 | D:7      | Reached XP level 9. HP: 45/48 MP: 20/23
  6187 | D:7      | Reached skill level 9 in Spellcasting
  6428 | D:8      | Reached ** piety under Vehumet
  6428 | D:8      | Offered knowledge of Magic Dart by Vehumet.
  6433 | D:8      | Found Favegi's Antique Weapon Emporium.
  6461 | D:8      | Noticed Pikel
  6481 | D:8      | Killed Pikel
  6481 | D:8      | Reached skill level 10 in Spellcasting
  7053 | D:9      | Got an encrusted trident
  7054 | D:9      | Identified the +5 trident "Ihere" {pierce, rC+} (You found it on level 9 of the Dungeon)
  7174 | D:9      | Found a staircase to the Lair.
  7849 | Lair:1   | Entered Level 1 of the Lair of Beasts
  7849 | Lair:1   | Noticed a spiny frog
  7854 | Lair:1   | Killed a spiny frog
  7854 | Lair:1   | Reached XP level 10. HP: 53/53 MP: 13/26
  7856 | Lair:1   | Reached skill level 11 in Spellcasting
  7861 | D:9      | Reached skill level 5 in Dodging
  7894 | D:10     | Entered Level 10 of the Dungeon
  8087 | D:9      | Reached skill level 1 in Short Blades
  8153 | D:10     | Noticed a hill giant
  8175 | D:10     | Offered knowledge of Static Discharge by Vehumet.
  8390 | D:10     | Noticed an unseen horror
  8392 | D:10     | Killed an unseen horror
  8517 | D:10     | You fall through a shaft for 3 floors!
  8537 | D:13     | Reached skill level 12 in Spellcasting
  8537 | D:13     | Reached *** piety under Vehumet
  8558 | D:13     | Noticed a four-headed hydra
  8570 | D:13     | Found a gate to the Vaults.
  8570 | D:13     | Noticed a red ugly thing
  8570 | D:13     | Noticed a vault guard
  8570 | D:13     | Noticed a tengu warrior
  8570 | D:13     | Noticed a vault guard
  8570 | D:13     | Noticed a vault guard
  8570 | D:13     | Noticed a vault guard
  8570 | D:13     | Noticed a gargoyle
  8570 | D:13     | Noticed a cyclops
  8571 | D:13     | Quit the game

Skill      XL: |  1  2  3  4  5  6  7  8  9 10 |
---------------+-------------------------------+-----
Fire Magic     | 4 5 6 8 9 |  9.6
Spellcasting   | 4 5 6 7 8 10 12 | 12.2
Conjurations   | 2 4 5 7 8 |  8.6
Stealth        | 3 4 |  4.8
Dodging        | 3 4 5 |  5.8
Throwing       | 2 3 |  3.4
Fighting       | 1 2 |  2.5
Hexes          | 1 2 |  2.3
Short Blades   | 1 |  1.0

Action                   |  1- 3 |  4- 6 |  7- 9 | 10-12 || total
-------------------------+-------+-------+-------+-------++-------
Melee: Unarmed           |       |     1 |       |       ||     1
       Dagger            |       |       |    56 |     6 ||    62
       Blowgun           |       |       |     2 |       ||     2
 Fire: Blowgun           |       |     7 |    57 |       ||    64
 Cast: Flame Tongue      |    62 |   153 |   260 |    21 ||   496
       Conjure Flame     |     1 |     1 |    11 |     1 ||    14
       Inner Flame       |     1 |     1 |    14 |     1 ||    17
       Sticky Flame      |       |       |    18 |    21 ||    39
       Fireball          |       |       |     4 |     6 ||    10
  Use: Scroll            |       |     9 |     1 |     7 ||    17
 Stab: Sleeping          |       |       |     1 |     1 ||     2
  Eat: Chunk             |       |     6 |    14 |     3 ||    23
       Beef jerky        |       |     1 |       |       ||     1
       Fruit             |       |       |     1 |     2 ||     3
Armor: Robe              |     8 |    20 |    51 |    11 ||    90
Dodge: Dodged            |    18 |    56 |   128 |    67 ||   269
